Cogmind - Beta 16 @@@ ROGUE MODE // 2025.12.01 @ 18:34:09 Player: Akamichi1342 Result: Destroyed by 8R-AWN with 8R-AWN's Boregun Performance ------------- Evolutions (0) 0 Regions Visited (3) 600 Robots Destroyed (12) 60 Value Destroyed (261) 261 Prototype IDs (0) 0 Alien Tech Used (0) 0 Bonus (-51) -51 TOTAL SCORE: 870 Bonus ------- Friendly Fire -51 Cogmind --------- Core Integrity 0/250 Matter 234/300 Energy 98/100 System Corruption 0% Temperature Cool (1) Movement Treading (240) Ox1 Location -10/Exiles Parts ------- > --- POWER (1) -------- (None) > --- PROPULSION (2) --- Light Treads > --- UTILITY (2) ------ High-capacity Storage Unit Signal Interpreter > --- WEAPON (2) ------- (None) > --- INVENTORY (20) --- Light Treads Small Storage Unit Sensor Array Peak State ------------ > --- POWER ------------ Ion Engine > --- PROPULSION ------- Light Treads Light Treads > --- UTILITY ---------- Small Storage Unit Signal Interpreter > --- WEAPON ----------- Small Laser Light Cannon > --- INVENTORY -------- (None) [Rating: 7] Favorites ----------- Power Ion Engine Engine Ion Engine Propulsion Light Treads Treads Light Treads Utility Small Storage Unit Storage Small Storage Unit Processor Signal Interpreter Weapon Small Laser Energy Gun Small Laser Ballistic Gun Light Assault Rifle Ballistic Cannon Light Cannon Build | -11 -10 -10 -10 ------- Run | Yrd Mat Min Exi Slots Evolved . | . . . . Power . | . . . . Propulsion . | . . . . Utility . | . . . . Weapon . | . . . . Parts Attached 10 | 6 4 . . Power 1 | 1 . . . Engine 1 | 1 . . . Core . | . . . . Reactor . | . . . . Propulsion 3 | 2 1 . . Treads 3 | 2 1 . . Leg . | . . . . Wheel . | . . . . Hover . | . . . . Flight . | . . . . Utility 3 | 1 2 . . Device . | . . . . Storage 2 | 1 1 . . Processor 1 | . 1 . . Hackware . | . . . . Protection . | . . . . Artifact . | . . . . Weapon 3 | 2 1 . . Energy Gun 1 | 1 . . . Energy Cannon . | . . . . Ballistic Gun 1 | 1 . . . Ballistic Cannon 1 | . 1 . . Launcher . | . . . . Special Weapon . | . . . . Impact Weapon . | . . . . Slashing Weapon . | . . . . Piercing Weapon . | . . . . Special Melee Weapon . | . . . . Unidentified Prototypes . | . . . . Parts Lost 3 | . . . 3 Power . | . . . . Propulsion 1 | . . . 1 Utility . | . . . . Weapon 2 | . . . 2 Highest Loss Streak 3 | . . . 3 To Critical Strikes . | . . . . Average Backups 1 | . . 3 3 Power . | . . . . Propulsion . | . . 1 1 Utility . | . . 2 2 Weapon . | . . . . Tool/Special . | . . . . Unused Backups 2 | . . . 2 Power 1 | . . . 1 Propulsion . | . . . . Utility 1 | . . . 1 Weapon . | . . . . Tool/Special . | . . . . Average Slot Usage (%) 89 | . 87 100 88 Engine 12 | . 14 14 6 Treads 27 | . 28 28 27 Storage 14 | . 14 14 14 Processor 6 | . 1 14 14 Energy Gun 13 | . 14 14 13 Ballistic Gun 1 | . 2 . . Ballistic Cannon 12 | . 11 14 13 Peak Build Rating 7 | 6 7 7 7 Average Rating 5 | 4 6 7 6 On Entrance 5 | . 6 7 7 Avg Prop Armor Cover (%) . | . . . . Naked Turns . | . . . . Heaviest Build 49 | 12 49 49 49 Greatest Support 40 | 40 40 40 40 Greatest Overweight (x) 1 | . 1 1 1 Average Overweight (x) . | . . 1 . Largest Inventory Capacity 20 | 8 20 20 20 Average Capacity 12 | 6 9 20 20 Most Carried 4 | . 3 3 4 Average Carried 1 | . . 3 3 Final Capacity 20 | 8 20 20 20 Final Carried 3 | . 3 3 3 Class Distribution -------------------- 100% | Mutant Dominant Class ---------------- Mutant | -10/Materials Mutant | -10/Mines Mutant | -10/Exiles Resources | -11 -10 -10 -10 ----------- Run | Yrd Mat Min Exi Matter Collected 336 | 245 91 . . Remotely . | . . . . Salvage Created 249 | . 217 32 . Parts 19 | . 13 6 . Haulers Intercepted 1 | . 1 . . Recyclers Shooed 1 | 1 . . . Parts Field Recycled . | . . . . Retrieved Matter . | . . . . Parts Self-Destructed . | . . . . Prevented . | . . . . Parts Restored . | . . . . Kills | -11 -10 -10 -10 ------- Run | Yrd Mat Min Exi Combat Hostiles Destroyed 10 | . 7 3 . Guns 2 | . 1 1 . Cannons 8 | . 6 2 . Classes Destroyed 4 | . 4 . . Hauler 1 | . 1 . . Operator 1 | . 1 . . Swarmer 5 | . 2 3 . Grunt 5 | . 5 . . Best Kill Streak 5 | . 5 3 . Combat Bots Only 5 | . 5 3 . Max Kills in Single Turn 1 | . 1 1 . Gunslinging . | . . . . Exploded . | . . . . Melee . | . . . . Uniques/NPCs Destroyed . | . . . . Combat | -11 -10 -10 -10 -------- Run | Yrd Mat Min Exi Hostile Shots Fired 104 | . 41 26 37 Missed 32 | . 12 7 13 Hits 72 | . 29 19 24 Melee 2 | . . . 2 Projectile 70 | . 29 19 22 Critical Strikes 4 | . . . 4 Damage Taken 868 | . 309 156 403 Core 256 | . 61 32 163 Absorbed by Shields . | . . . . Core Remaining (%) 100 | 100 . . . Volleys Fired 38 | . 25 8 5 Largest 2 | . 2 2 2 Hottest 70 | . 70 70 70 Shots Fired 71 | . 47 16 8 Gun 35 | . 22 8 5 Cannon 36 | . 25 8 3 Launcher . | . . . . Special . | . . . . Kinetic 36 | . 25 8 3 Thermal 35 | . 22 8 5 Explosive . | . . . . Electromagnetic . | . . . . Robot Hit Streak 8 | . 8 2 7 Robot Miss Streak 2 | . 2 2 1 Penetration Max . | . . . . Secondary Targets . | . . . . Shots Hit Robots 51 | . 36 8 7 Core Hits 19 | . 16 3 . Critical Kills . | . . . . Critical Parts Destroyed . | . . . . Critical Strikes 1 | . . . 1 Blast 1 | . . . 1 Melee Attacks . | . . . . Impact . | . . . . Slashing . | . . . . Piercing . | . . . . Sneak Attacks . | . . . . Combat Hostiles . | . . . . Follow-up Attacks . | . . . . Damage Inflicted 718 | 2 549 115 52 Guns 245 | . 200 41 4 Cannons 466 | . 344 74 48 Explosions . | . . . . Melee . | . . . . Ramming 7 | 2 5 . . Kinetic 466 | . 344 74 48 Thermal 245 | . 200 41 4 Explosive . | . . . . Electromagnetic . | . . . . Impact . | . . . . Slashing . | . . . . Piercing . | . . . . Highest Corruption . | . . . . Average Corruption . | . . . . Corruption Purged . | . . . . Corruption Blocked . | . . . . Overload Shots . | . . . . Overflow Damage . | . . . . Projectiles . | . . . . Explosions . | . . . . Melee . | . . . . Knockbacks 8 | . 5 . 3 Impact . | . . . . Kinetic 8 | . 5 . 3 Secondary . | . . . . Self-Inflicted Damage . | . . . . Shots . | . . . . Rammed 6 | 3 3 . . Targets Rammed 6 | 3 3 . . Kicked . | . . . . Crushed . | . . . . Highest Temperature 156 | . 156 72 . Average Temperature 48 | . 53 37 . Received Heat Transfer 129 | . 129 . . Siege Activations . | . . . . Martial Activations . | . . . . Shielding Activations . | . . . . Robots Disrupted . | . . . . Combat Hostiles . | . . . . Robots Corrupted . | . . . . Combat Hostiles . | . . . . Parts Fried . | . . . . Impact Corruptions . | . . . . Robots Melted . | . . . . Combat Hostiles . | . . . . Parts Melted 1 | . . 1 . Heat Transferred 574 | . 450 100 24 Parts Sabotaged . | . . . . Parts Stolen . | . . . . Parts Stripped . | . . . . Power Chain Reactions . | . . . . Alert | -11 -10 -10 -10 ------- Run | Yrd Mat Min Exi Maximum Alert Level . | . . . . Low Security (%) 100 | 100 100 100 . Level 1 . | . . . . Level 2 . | . . . . Level 3 . | . . . . Level 4 . | . . . . Level 5 . | . . . . High Security . | . . . . Max Security . | . . . . Peak Influence 136 | . 136 107 . Initial 47 | . . 47 . Average 48 | . 55 79 . Influence Increases 313 | . 243 70 . Destroy 0b10 Robot/C 200 | . 140 60 . Destroy 0b10 Robot/NC 10 | . 10 . . Destroy Leader 42 | . 32 10 . Disable Machine 15 | . 15 . . Destroy Structure 1 | . 1 . . Partial Spotted 30 | . 30 . . Lose Combat Pursuer 15 | . 15 . . Influence Decreases 313 | . 120 116 77 Entered New Map 153 | . . 76 77 Time Decay 160 | . 120 40 . Squads Dispatched 2 | . 2 . . Investigation . | . . . . Extermination . | . . . . Reinforcement 2 | . 2 . . Assault . | . . . . Garrison . | . . . . Intercept . | . . . . Searches Triggered . | . . . . Construction Impeded . | . . . . Haulers Reinforced . | . . . . Active Scanning Responses . | . . . . Cargo Convoy Interrupts . | . . . . Stealth | -11 -10 -10 -10 --------- Run | Yrd Mat Min Exi Distress Signals 1 | . 1 . . Communications Jammed . | . . . . Distress Signals . | . . . . Times Spotted 31 | . 20 3 8 Peak Tracking Total 9 | . 7 3 9 Tactical Retreats 1 | . 1 . . Traps | -11 -10 -10 -10 ------- Run | Yrd Mat Min Exi Traps Triggered . | . . . . Indirectly . | . . . . Trap Hack Attempts . | . . . . Triggered . | . . . . Disarmed . | . . . . Reprogrammed . | . . . . Reused . | . . . . Traps Extracted . | . . . . Installed . | . . . . Triggered . | . . . . Machines | -11 -10 -10 -10 ---------- Run | Yrd Mat Min Exi Machines Disabled 1 | . 1 . . Max in Single Turn 1 | . 1 . . Machines Repaired . | . . . . Machines Dismantled . | . . . . Machines Sabotaged . | . . . . Overloaded Fab Kills . | . . . . Hacking | -11 -10 -10 -10 --------- Run | Yrd Mat Min Exi Machines Accessed . | . . . . Terminals . | . . . . Fabricators . | . . . . Repair Stations . | . . . . Recycling Units . | . . . . Scanalyzers . | . . . . Garrison Access . | . . . . Total Hacks . | . . . . Successful . | . . . . Failed . | . . . . Catastrophic . | . . . . Database Lockouts . | . . . . Manual . | . . . . Terminals . | . . . . Fabricators . | . . . . Repair Stations . | . . . . Recycling Units . | . . . . Scanalyzers . | . . . . Garrison Access . | . . . . Terminal Hacks . | . . . . Fabricator Hacks . | . . . . Repair Station Hacks . | . . . . Recycling Unit Hacks . | . . . . Scanalyzer . | . . . . Garrison Access Hacks . | . . . . Unauthorized Hacks . | . . . . Terminals . | . . . . Fabricators . | . . . . Repair Stations . | . . . . Recycling Units . | . . . . Scanalyzers . | . . . . Garrison Access . | . . . . Data Cores Recovered . | . . . . Used . | . . . . Hacking Detections . | . . . . Full Trace Events . | . . . . Feedback Events . | . . . . Feedback Blocked . | . . . . Robot Schematics Acquired . | . . . . Robots Built . | . . . . Authchips . | . . . . Time . | . . . . Total Robot Build Rating . | . . . . Part Schematics Acquired . | . . . . Parts Built . | . . . . Authchips . | . . . . Time . | . . . . Total Part Build Rating . | . . . . Part Studies Acquired . | . . . . Parts Repaired . | . . . . Time . | . . . . Parts Recycled . | . . . . Recycled Matter . | . . . . Retrieved Matter . | . . . . Retrieved Components . | . . . . Parts Scanalyzed . | . . . . Part Schematics Acquired . | . . . . Parts Damaged . | . . . . Bothacking | -11 -10 -10 -10 ------------ Run | Yrd Mat Min Exi Used RIF Installer . | . . . . Robots Hacked . | . . . . Non-combat . | . . . . Combat . | . . . . Robot Hacks Applied . | . . . . Relay Couplers Released . | . . . . Fabnet Peak Effective % . | . . . . Robots Rewired . | . . . . Allies Hacked . | . . . . Hacks Repelled . | . . . . Allies | -11 -10 -10 -10 -------- Run | Yrd Mat Min Exi Total Allies . | . . . . Largest Group . | . . . . Highest-Rated Group . | . . . . Highest-Rated Ally . | . . . . Total Orders . | . . . . Ally Attacks . | . . . . Total Damage . | . . . . Kills . | . . . . Allies Corrupted . | . . . . Allies Melted . | . . . . Intel | -11 -10 -10 -10 ------- Run | Yrd Mat Min Exi Active Infowar (turns) . | . . . . Robot Analysis Total . | . . . . Derelict Logs Recovered . | . . . . Drone Launches . | . . . . Drone Recoveries . | . . . . Exploration | -11 -10 -10 -10 ------------- Run | Yrd Mat Min Exi Turns Passed 681 | 113 355 87 126 Spaces Moved 274 | 75 126 27 46 Core 18 | 18 . . . Treads 256 | 57 126 27 46 Legs . | . . . . Wheels . | . . . . Hover . | . . . . Flight . | . . . . Fastest Speed 50 | 50 160 240 160 Average Speed 178 | 133 170 240 238 Slowest Speed 240 | 160 240 240 240 Overloaded Moves . | . . . . Propulsion Burnouts . | . . . . Robots Hopped . | . . . . Potential Cave-ins . | . . . . Cave-ins Triggered . | . . . . Exploration Rate (%) 13 | 4 30 8 11 Regions Visited 3 Branch Regions 2 Pre-discovered Areas . | . . . . Known Exits Taken 2 | . 1 1 . Unknown Exits Taken 1 | 1 . . . Scrap Searched . | . . . . Spaces Dug . | . . . . Terrain Destroyed . | . . . . Melee . | . . . . Projectile . | . . . . AOE . | . . . . Terrain Rammed . | . . . . Walls Destroyed . | . . . . Machines Disabled . | . . . . Actions | -11 -10 -10 -10 --------- Run | Yrd Mat Min Exi Total 390 | 83 216 34 57 Wait 60 | . 57 . 3 Move 271 | 74 125 26 46 Hop . | . . . . Pick Up 2 | . 1 . 1 Fast Attach 8 | 6 2 . . Attach . | . . . . Detach . | . . . . Swap 2 | . 2 . . Drop 3 | . 1 . 2 Fire 38 | . 25 8 5 Melee . | . . . . Ram . | . . . . Kick . | . . . . Crush 6 | 3 3 . . Escape Stasis . | . . . . Rewire . | . . . . Trap . | . . . . Miscellaneous . | . . . . Route ------- -11/Scrapyard -10/Materials -10/Mines -10/Exiles History --------- Turn | Location | Event 4 | -11/Scrapyard | Discovered new exit (range 14) 114 | -11/Scrapyard | Entered Materials 314 | -10/Materials | Build established: Mutant 374 | -10/Materials | Discovered new exit (range 16) 466 | -10/Materials | Identified exit to Mines 469 | -10/Materials | Entered Mines 532 | -10/Mines | Deemed a non-threat by the Exiles lab entrance 532 | -10/Mines | Discovered new exit (range 5) 553 | -10/Mines | Identified exit to Exiles 556 | -10/Mines | Entered Exiles 618 | -10/Exiles | Met 8R-AWN 663 | -10/Exiles | Attacked by the Exiles 677 | -10/Exiles | Core integrity fell below 50% 680 | -10/Exiles | Core integrity fell below 20% 682 | -10/Exiles | Destroyed by 8R-AWN with 8R-AWN's Boregun Last Messages --------------- 00668_ 8R-AWN Adv. Weapon Cycler blasted off. 00668_ 8R-AWN knocked back. 00670_ HV Slug penetrates Earth. 00670_ HV Slug penetrates Wall. 00673_ Lgt. Cannon destroyed. 00673_ Penetrated by HV Slug. 00673_ HV Slug penetrates Earth. 00673_ Penetrated by HV Slug. 00673_ HV Slug penetrates Earth. 00676_ Penetrated by HV Slug. 00676_ Sml. Laser destroyed. 00676_ HV Slug penetrates Earth. 00676_ Penetrated by HV Slug. 00676_ HV Slug penetrates Earth. 00679_ Lgt. Treads destroyed. 00679_ Penetrated by HV Slug. 00679_ HV Slug penetrates Earth. 00679_ HV Slug penetrates Wall. 00679_ HV Slug penetrates Earth. 00682_ Penetrated by HV Slug. Map ----- +----------------------------------------------------+ | ?????????????????????????????????????????????????? | | ?????????????????????????????????????????????????? | | ?????????????????????????????????????????????????? | | ?????????????????????????????????????????????????? | | ?????????????????????????????????????????????????? | | ?????????????????????????????????????????????????? | | ?????????????????????????????????????????????????? | | ?????????????????????????????????????????????????? | | ?????????????????????????????????????????????????? | | ?????????????????????????????????????????????????? | | ?????????????????????????????????????????????????? | | ?????????????????????????????????????????????????? | | ?????????????????????????????????????????????????? | | ?????????????????????????????????????????????????? | | ?????????????????????????????????????????????????? | | ?????????????????????????????????????????????????? | | ?????????????????????????????????????????????????? | | ?????????????????????????????????????????????????? | | ?????????????????????????????????????????????????? | | ?????????????????????????###?????????????????????? | | ?????????????????????????# #?????????????????????? | | ?????????????????????????# #??????????????????? ? | | ?????????????????????????# #??????????????????# | | ???????????????????????### #????????????????## | | ???????????????????????# # #????????????????# | | ???????????????????????#;@;##???????????????# | | ???????????????????????## a #??????????????## | | ???????????????????????#" #?????????????## # | | ??????????????????????##"a%!##????????????# # | | ????????????????????### aga ###????????### #? | | ????????????????????# a ########## #? | | ???????????????????## a #""""## #?? | | ???????????????????# a * ##? | | ???????????? ## * #? | | ???????????? #?## ## | | ????????????? ""??#"""""#### ** # | | ?????????????? #"""#??#######??#### | | ?????????????? #####???????????????##### | | ?????????????? #????????????????????????### | | ????????????????????????????????????????????### | | ??????????????????????????????????????????????### | | ???????????????????????????????????????????????#" | | ???????????????????????????????????????????????### | | ?????????????????????????????????????????????????? | | ?????????????????????????????????????????????????? | | ?????????????????????????????????????????????????? | | ?????????????????????????????????????????????????? | | ?????????????????????????????????????????????????? | | ?????????????????????????????????????????????????? | | ?????????????????????????????????????????????????? | +----------------------------------------------------+ Best States ------------- Heat Dissipation 25 Energy Generation 10 Energy Capacity 250 Matter Stores 300 Matter Capacity 300 Sight Range 16 Terrain Scan Density 10 Evasion (%) 50 Recoil Reduction 2 Item Schematics ----------------- None Robot Schematics ------------------ None Fabricated ------------ Nothing Repaired ---------- Nothing Studied --------- None Alien Tech Used ----------------- None Achievements -------------- None Challenges ------------ None Game ------ Seed PartitionDeliveryArticulator Manual? 0 Play Time 00:03:44 Cumulative 36.0 hours Start 2025.12.01 @ 18:31:00 End 2025.12.01 @ 18:34:09 Sessions 1 Manual Loads 0 Difficulty Rogue Special Mode None Game No. 45 Rogue 45 Adventurer 0 Explorer 0 Win Type - Total 1 Types 1/0/0/0/0/0/0/0/0/0 Lore% 33 Gallery% 31 Achievement% 30 Wizard Run 0 Options --------- Layout 1 ASCII 0 Keyboard 0 Movement Numpad Keybinds 0 Fullscreen 1 Font 24/Smallcaps Map View 50x35 Zoom Use 0% Tactical HUD 1 Map Filters NONE Filters NONE Steam 0 RUN: 215b49e6-6973-4cc3-b26a-a0581300db84